 Dungeon Crawl Stone Soup version 0.18-a0-1572-g0a86841 (webtiles) character file.

17929 Lusmu the Destroyer (level 12, -1/92 HPs)
             Began as a Demonspawn Fire Elementalist on Mar 14, 2016.
             Was a Priest of Vehumet.
             Slain by a spiny frog (20 damage)
             ... on level 2 of the Lair of Beasts on Mar 15, 2016.
             The game lasted 02:34:54 (23778 turns).

Lusmu the Destroyer (Demonspawn Fire Elementalist) Turns: 23778, Time: 02:34:55

Health: -1/92      AC: 14    Str:  9    XL:     12   Next: 23%
Magic:  10/19      EV: 24    Int: 19    God:    Vehumet [***...]
Gold:   770        SH:  0    Dex: 16    Spells: 3 memorised, 12 levels left

rFire  + . .     SeeInvis +     m - +3 demon trident (freeze)
rCold  . . .     Gourm    .     u - +3 leather armour
rNeg   . . .     Faith    .     (no shield)
rPois  .         Spirit   .     k - +2 hat {SInv}
rElec  .         Dismiss  .     r - +2 cloak
rCorr  .         Reflect  .     (no gloves)
SustAt .         Harm     .     (no boots)
MR     +....     Clarity  +     (no amulet)
Stlth  ++........               E - +3 ring of evasion
                                z - +5 ring of evasion

@: lethally poisoned (-1 -> -3), somewhat resistant to hostile enchantments,
unstealthy
A: hooves 2, horns 2, thin metallic scales 2, agile 1, clarity, fire resistance
1, magic resistance 1, mutation resistance 1, weak 1
a: Renounce Religion


You were on level 2 of the Lair of Beasts.
You worshipped Vehumet.
Vehumet was most pleased with you.
You were not hungry.

You visited 3 branches of the dungeon, and saw 14 of its levels.

You collected 770 gold pieces.

Inventory:

Hand Weapons
 m - a +3 demon trident of freezing (weapon)
Armour
 k - a +2 hat of see invisible (worn)
 r - a +2 cloak (worn)
 u - a +3 leather armour (worn)
Jewellery
 d - an uncursed ring of protection from magic
 i - an uncursed ring of see invisible (quivered)
 z - a +5 ring of evasion (left hand)
 E - a +3 ring of evasion (right hand)
Wands
 a - a wand of flame (11/48)
 e - a wand of iceblast (5/15)
 h - a wand of flame (14/48)
 j - a wand of slowing (22/48)
 A - a wand of iceblast (2/15)
 B - a wand of slowing (12/48)
 F - a wand of confusion (22/48)
 N - a wand of flame (8/48)
Scrolls
 l - 2 scrolls of teleportation
 q - 6 scrolls of remove curse
 t - a scroll of silence
 v - a scroll of fog
 w - 4 scrolls of fear
 y - 6 scrolls of amnesia
 C - 2 scrolls of immolation
 H - a scroll of enchant armour
 K - 2 scrolls of magic mapping
Potions
 f - a potion of berserk rage
 g - 3 potions of agility
 n - a potion of brilliance
 o - a potion of ambrosia
 p - a potion of might
 x - 4 potions of curing
 D - 2 potions of haste
Books
 b - a book of Flames

   Spells                             Type                      Level
   a - Flame Tongue                   Conjuration/Fire             1
   b - Throw Flame                    Conjuration/Fire             2
   c - Conjure Flame                  Conjuration/Fire             3
   d - Inner Flame                    Hexes/Fire                   3
   e - Sticky Flame                   Conjuration/Fire             4
   f - Fireball                       Conjuration/Fire             5
Miscellaneous
 G - a legendary deck of defence {drawn: 2}
 O - a lamp of fire
Comestibles
 c - 7 bread rations
 s - 46 fruits


   Skills:
 + Level 7.9 Fighting
 - Level 7.1 Polearms
 + Level 2.5 Armour
 - Level 7.2 Dodging
 - Level 1.7 Stealth
 - Level 5.0 Spellcasting
 + Level 9.4 Conjurations
 - Level 7.6 Fire Magic
 - Level 7.1 Evocations


You had 12 spell levels left.
You knew the following spells:

 Your Spells              Type           Power        Failure   Level  Hunger
a - Flame Tongue          Conj/Fire      #####        1%          1    None
b - Conjure Flame         Conj/Fire      #####...     1%          3    ##.....
c - Fireball              Conj/Fire      #####.....   4%          5    ######.


Dungeon Overview and Level Annotations

Branches:
Dungeon (11/15)            Temple (1/1) D:6            Lair (2/8) D:11
    Orc (0/2) D:9

Altars:
Ashenzari
Cheibriados
Dithmenos
Elyvilon
Fedhas
Gozag
Kikubaaqudgha
Makhleb
Nemelex Xobeh
Okawaru
Pakellas
Qazlal
Ru
Sif Muna
Trog
Vehumet
Xom
Yredelemnul
Zin
The Shining One
Lugonu

Shops:
D:5 *   D:11 (

Annotations:
D:7 exclusion: ice statue
Lair:1 Nergalle


Innate Abilities, Weirdness & Mutations

You have hoof-like feet.
You are mostly covered in thin metallic scales (AC +3).
Your flesh is heat resistant.
You have a pair of horns on your head.
You are agile. (Dex +2)
You possess an exceptional clarity of mind.
You are resistant to hostile enchantments.
You are somewhat resistant to further mutation.
You are weak. (Str -2)


Message History

The spiny frog is severely wounded.
You feel sick. The spiny frog stings you!
* * * LOW HITPOINT WARNING * * *
Casting: Flame Tongue
Confirm with . or Enter, or press ? or * to list all spells.
Aiming: Flame Tongue
Press: ? - help, Shift-Dir - straight line, f/p - spiny frog
Aim: a spiny frog (severely wounded)
The flame tongue hits the spiny frog.
The spiny frog appears unharmed.
The spiny frog is severely wounded.
You feel sick. The spiny frog misses you.
Casting: Flame Tongue
Confirm with . or Enter, or press ? or * to list all spells.
Aiming: Flame Tongue
Press: ? - help, Shift-Dir - straight line, f/p - spiny frog
Aim: a spiny frog (severely wounded)
The flame tongue hits the spiny frog.
The spiny frog is almost dead.
You feel sick. The spiny frog stings you!!
You die...

##### #..#### #### ##..#########
##...### ##
............#####.##+P.### #.
P..............#.#<......# ##.
...##P).#.#.##.......##P.######..
#.######.#######.#...#...##PP..'.
#..# ### ####....#.'....... ##.#
##......#.#.#P###. #..#
#@F##.##########.. FF## #######
#.. ### ### #


You could see a spiny frog.

Vanquished Creatures
  Harold (D:11)
  A hydra (Lair:1)
  2 hill giants
  3 ugly things
  A black mamba (Lair:2)
  3 centaur zombies
  An elephant (D:11)
  A gargoyle (D:10)
  6 spiny frogs
  3 trolls (D:10)
  7 blink frogs (Lair:2)
  2 wyverns (D:11)
  A shadow (D:11)
  A wraith (D:11)
  4 yaks
  5 hippogriffs
  Grum (D:11)
  5 porcupines (Lair:2)
  3 water moccasins (Lair:1)
  4 sky beasts
  A black bear (D:10)
  A necrophage (D:6)
  2 ice beasts
  2 phantoms
  11 centaurs
  4 ogres
  2 wolves (D:11)
  5 crocodiles
  15 giant frogs
  3 scorpions
  7 wights
  3 howler monkeys (D:7)
  3 crimson imps
  A quasit (D:5)
  4 orc priests
  7 hounds
  A giant frog skeleton (D:6)
  4 centaur skeletons
  A jelly (D:11)
  4 orc wizards
  Ijyb (D:1)
  8 iguanas
  6 worker ants
  8 sheep
  A hound skeleton (D:9)
  Robin (D:2)
  A howler monkey skeleton (D:6)
  A worker ant zombie (D:6)
  16 adders
  4 gnolls (D:2)
  23 river rats
  5 shadow imps
  An ooze (D:4)
  5 adder skeletons
  An adder zombie (D:8)
  3 worms
  3 dart slugs (D:1)
  4 giant geckos
  19 orcs
  A ball python (D:1)
  13 bats
  8 giant cockroaches
  14 goblins
  8 hobgoblins
  11 jackals
  4 quokkas
  A ball python zombie (D:5)
  5 giant newts
  10 kobolds
  9 rats
  A butterfly (D:6)
332 creatures vanquished.

Vanquished Creatures (others)
  5 fungi
  A plant (Lair:2)
6 creatures vanquished.

Grand Total: 338 creatures vanquished

Notes
Turn   | Place    | Note
--------------------------------------------------------------
     0 | D:1      | Lusmu the Demonspawn Fire Elementalist began the quest for the Orb.
     0 | D:1      | Reached XP level 1. HP: 13/13 MP: 3/3
   239 | D:1      | Reached skill level 2 in Conjurations
   309 | D:1      | Gained mutation: Your flesh is heat resistant. [demonic ancestry]
   309 | D:1      | Reached XP level 2. HP: 19/19 MP: 5/5
   997 | D:2      | Reached skill level 3 in Conjurations
  1006 | D:2      | Noticed Robin
  1017 | D:1      | Gained mutation: You have large cloven feet. [demonic ancestry]
  1017 | D:1      | Reached XP level 3. HP: 22/24 MP: 1/6
  1237 | D:1      | Learned a level 3 spell: Conjure Flame
  1757 | D:2      | Found an iron altar of Okawaru.
  1779 | D:2      | Reached skill level 4 in Conjurations
  1779 | D:2      | Reached XP level 4. HP: 21/30 MP: 3/7
  2074 | D:2      | Killed Robin
  3175 | D:2      | Reached XP level 5. HP: 35/35 MP: 4/8
  3187 | D:2      | Noticed Ijyb
  3220 | D:1      | Killed Ijyb
  3220 | D:1      | Reached skill level 5 in Conjurations
  3323 | D:2      | Found a bloodstained altar of Trog.
  3590 | D:3      | Noticed an ogre
  3622 | D:3      | Killed an ogre
  3622 | D:3      | Reached skill level 1 in Fighting
  3717 | D:3      | Reached XP level 6. HP: 38/43 MP: 2/9
  4144 | D:3      | Reached skill level 6 in Conjurations
  4561 | D:3      | Found a stormy altar of Qazlal.
  5570 | D:4      | Reached XP level 7. HP: 46/51 MP: 10/10
  6459 | D:5      | Entered Level 5 of the Dungeon
  6462 | D:5      | Found Gozag's Platinum Reserve.
  6586 | D:5      | Found an opulent altar of Gozag.
  6607 | D:5      | Reached skill level 7 in Conjurations
  7440 | D:5      | Reached XP level 8. HP: 48/61 MP: 9/11
  7502 | D:5      | Gained mutation: You are agile. (Dex +2) [potion of mutation]
  7502 | D:5      | Gained mutation: You have a pair of small horns on your head. [potion of mutation]
  7502 | D:5      | Gained mutation: You possess an exceptional clarity of mind. [potion of mutation]
  8007 | D:6      | Found a staircase to the Ecumenical Temple.
  8016 | Temple   | Entered the Ecumenical Temple
  8060 | Temple   | Became a worshipper of Vehumet
  8295 | D:6      | Reached skill level 5 in Fire Magic
  8448 | D:6      | Reached skill level 5 in Fighting
  8908 | D:6      | Found an oddly glowing altar of Pakellas.
  8948 | D:6      | Gained mutation: You are weak. (Str -2) [mutagenic meat]
  9469 | D:6      | Gained mutation: You have a pair of horns on your head. [potion of beneficial mutation]
  9548 | D:6      | Reached skill level 1 in Polearms
 10081 | D:7      | Reached * piety under Vehumet
 10081 | D:7      | Offered knowledge of Sting by Vehumet.
 10081 | D:7      | Reached XP level 9. HP: 46/68 MP: 12/12
 11029 | D:7      | Noticed an ice statue
 11355 | D:8      | Found a blossoming altar of Fedhas.
 11366 | D:8      | Reached skill level 1 in Evocations
 11574 | D:8      | Found a deep blue altar of Sif Muna.
 11947 | D:8      | Found an ancient bone altar of Kikubaaqudgha.
 11999 | D:9      | Found a staircase to the Orcish Mines.
 12044 | D:9      | Found a shimmering altar of Xom.
 12054 | D:9      | Found a snail-covered altar of Cheibriados.
 12199 | D:9      | Found a white marble altar of Elyvilon.
 12199 | D:9      | Found a glowing silver altar of Zin.
 12199 | D:9      | Found a glowing golden altar of the Shining One.
 12469 | D:10     | Entered Level 10 of the Dungeon
 12592 | D:10     | Noticed a hill giant
 13415 | D:10     | Gained mutation: You are resistant to hostile enchantments. [mutagenic meat]
 13416 | D:10     | Gained mutation: You are somewhat resistant to further mutation. [mutagenic meat]
 13462 | D:10     | Noticed a troll
 13469 | D:10     | Killed a troll
 13750 | D:10     | Gained mutation: You are partially covered in thin metallic scales (AC +2). [demonic ancestry]
 13750 | D:10     | Reached XP level 10. HP: 33/75 MP: 13/13
 14272 | D:10     | Noticed a gargoyle
 14296 | D:10     | Killed a gargoyle
 14296 | D:10     | Reached skill level 5 in Polearms
 14763 | D:10     | Reached skill level 5 in Evocations
 14800 | D:10     | Reached skill level 5 in Dodging
 15076 | D:10     | Noticed a brown ugly thing
 15090 | D:10     | Killed a brown ugly thing
 15120 | D:10     | Killed a hill giant
 15600 | D:11     | Upgraded the game from 0.18-a0-1563-g3d1bdcc to 0.18-a0-1572-g0a86841
 15904 | D:11     | Noticed a hill giant
 15917 | D:11     | Killed a hill giant
 16060 | D:11     | Noticed an elephant
 16061 | D:11     | Found a staircase to the Lair.
 16095 | D:11     | Killed an elephant
 16095 | D:11     | Offered knowledge of Throw Frost by Vehumet.
 16380 | D:11     | Reached ** piety under Vehumet
 16672 | D:11     | Gained mutation: You are mostly covered in thin metallic scales (AC +3). [demonic ancestry]
 16672 | D:11     | Reached XP level 11. HP: 80/80 MP: 13/16
 16963 | D:11     | Found an opulent altar of Gozag.
 16977 | D:11     | Noticed a red ugly thing
 17006 | D:11     | Killed a red ugly thing
 18192 | D:11     | Found Efestra's Weapon Shop.
 18331 | D:11     | Noticed Grum
 18344 | D:11     | Killed Grum
 18959 | Lair:1   | Entered Level 1 of the Lair of Beasts
 19812 | Lair:1   | Noticed Harold
 19822 | Lair:1   | Noticed Nergalle
 20030 | D:11     | Killed Harold
 20075 | D:11     | Noticed a cyan ugly thing
 20097 | D:11     | Killed a cyan ugly thing
 20097 | D:11     | Reached skill level 8 in Conjurations
 20503 | Lair:1   | Offered knowledge of Static Discharge by Vehumet.
 21283 | Lair:2   | Noticed a four-headed hydra
 21302 | Lair:1   | Killed a four-headed hydra
 21993 | Lair:2   | Reached skill level 5 in Spellcasting
 22133 | Lair:2   | Reached skill level 9 in Conjurations
 22133 | Lair:2   | Gained mutation: You have hoof-like feet. [demonic ancestry]
 22133 | Lair:2   | Reached XP level 12. HP: 91/91 MP: 11/19
 22218 | Lair:2   | Reached skill level 1 in Armour
 22261 | Lair:2   | Learned a level 5 spell: Fireball
 22436 | Lair:2   | Reached *** piety under Vehumet
 22917 | Lair:2   | Identified a scroll of acquirement
 23232 | Lair:2   | Offered knowledge of Airstrike by Vehumet.
 23778 | Lair:2   | Slain by a spiny frog

Vault maps used:
D:1:      dpeg_arrival_round_c
D:2:      bloody_trog, okawaru_ov_weapons_minmay, uniq_iyjb, uniq_robin
D:3:      nicolae_qazlal_general_emergency, minmay_item_behind_shaft
D:4:      forest_paths, kennysheep_small_square
D:5:      nicolae_gozag_zags_fifth_avenue, first_bread, dk_vineyard_2
D:6:      kennysheep_little_box, minmay_temple_entry_butterflies
D:7:      lemuel_ice_statue, kennysheep_generic_room_3
D:8:      lemuel_coloured_pillars_altar, led_sif_pool, hangedman_tree_tricks
D:9:      good_gods_mini_temple, amethyst_overflow_temple_binary
D:10:     kennysheep_generic_room_10
D:11:     david_lair_generic, serial_shops, shop, basic_altar, uniq_grum
Temple:   corrupted_temple
Lair:1:   grunt_forest_small_clearing_treed, grunt_megastairs_5,
          lemuel_fruit_fields, uniq_nergalle, uniq_harold
Lair:2:   beast_lair_carwin_3

Skill      XL: |  1  2  3  4  5  6  7  8  9 10 11 12 |
---------------+-------------------------------------+-----
Conjurations   | 2 3 4 5 6 7 9 |  9.4
Fighting       | 1 2 4 5 7 |  7.9
Fire Magic     | 4 6 7 |  7.6
Polearms       | 1 4 6 7 |  7.1
Dodging        | 4 6 7 |  7.2
Evocations     | 4 6 7 |  7.1
Spellcasting   | 5 |  5.0
Armour         | 2 |  2.5
Stealth        | |  1.7

Action                   |  1- 3 |  4- 6 |  7- 9 | 10-12 || total
-------------------------+-------+-------+-------+-------++-------
Melee: Club              |    99 |       |       |       ||    99
       Unarmed           |     1 |       |       |       ||     1
       Spear             |    16 |   247 |   618 |  1260 ||  2141
       Demon trident     |       |       |       |    22 ||    22
 Cast: Flame Tongue      |    28 |    85 |   167 |   185 ||   465
       Conjure Flame     |       |     4 |    22 |     8 ||    34
Evoke: Wand              |       |       |     1 |    11 ||    12
       Deck              |       |       |       |     2 ||     2
  Use: Potion            |       |     1 |     2 |    15 ||    18
       Scroll            |       |       |    14 |    12 ||    26
 Stab: Sleeping          |     5 |     2 |     7 |     3 ||    17
       Distracted        |       |       |     1 |     2 ||     3
       Confused          |       |       |       |     9 ||     9
  Eat: Chunk             |     3 |    15 |    25 |    18 ||    61
       Fruit             |       |       |     9 |     3 ||    12
       Pizza             |       |       |     1 |     1 ||     2
       Royal jelly       |       |       |     1 |     1 ||     2
       Meat ration       |       |       |       |     2 ||     2
       Beef jerky        |       |       |       |     3 ||     3
